AoeStats
← hishighness

Glade

510824632Analyzed
1v1 RM · 19h ago on Oct 2, 2026· 70m 18s· 2 players
Game mode
Random Map
Map size
Tiny (2 player)
Population
200
Speed
Normal
Resources
Standard
Victory
Conquest
Starting age
Dark Age
Ending age
Imperial Age
RankedLock teamsTeams togetherTeam positionsShared explorationLock speedFull tech treeHidden civsTurbo modeCheats
Victory
Defeat
🇮🇹 Portuguese · Italy
701
+17
🇩🇪 Maya · Germany
724
-17
ildemo
0:30 Loom
13:19 Feudal Age
15:20 Wheelbarrow
14:33 Town Watch
15:07 Man-at-Arms
17:05 Horse Collar
17:20 Gold Mining
17:20 Stone Mining
17:36 Double-Bit Axe
24:27 Castle Age
24:50 Long Swordsman
30:11 Bow Saw
30:07 Heavy Plow
31:26 Stone Shaft Mining
33:46 Hand Cart
34:56 Gambesons
34:58 Arson
39:49 Imperial Age
38:28 Circumnavigation
39:57 Murder Holes
39:43 Treadmill Crane
40:29 Ballistics
40:00 Onager
41:45 Chemistry
41:09 Ballistics
40:30 Treadmill Crane
41:01 Fortified Wall
41:17 Conscription
41:04 Arquebus
40:28 Two-Handed Swordsman
42:17 Guilds
42:09 Caravan
41:38 Champion
51:09 Scale Barding Armor
51:05 Scale Mail Armor
51:18 Forging
50:58 Fletching
51:08 Padded Archer Armor
52:18 Two-Man Saw
51:52 Crop Rotation
51:52 Elite Organ Gun
55:42 Iron Casting
55:29 Chain Barding Armor
55:24 Chain Mail Armor
55:25 Leather Archer Armor
55:05 Bodkin Arrow
56:49 Bloodlines
56:40 Husbandry
56:00 Cavalier
56:01 Light Cavalry
hishighness
0:29 Loom
13:39 Feudal Age
15:14 Horse Collar
15:22 Double-Bit Axe
21:02 Town Watch
23:26 Castle Age
22:48 Forging
22:39 Scale Mail Armor
25:00 Eagle Warrior
25:41 Squires
26:45 Town Watch
27:35 Gold Mining
27:38 Stone Mining
28:39 Iron Casting
28:19 Chain Mail Armor
40:49 Imperial Age
39:48 Bow Saw
39:40 Heavy Plow
40:49 Fletching
41:00 Padded Archer Armor
41:00 Elite Eagle Warrior
42:44 Blast Furnace
42:15 Plate Mail Armor
42:10 Pikeman
44:04 Onager
45:34 Conscription
46:43 Ballistics
50:35 Wheelbarrow
50:05 Town Patrol
49:35 Capped Ram
51:24 Elite Plumed Archer
54:43 Hul'che Javelineers
56:08 Chemistry
56:44 Masonry
55:58 Elite Skirmisher
56:45 Thumb Ring
58:10 Leather Archer Armor
61:20 Bodkin Arrow
61:58 Ring Archer Armor
63:49 Siege Ram
Connection lost

Rejoining the realm…

Still unreachable

The connection could not be restored.

Session expired

The server has moved on; the page needs a fresh start.